 Dungeon Crawl Stone Soup version 0.28.0 (webtiles) character file.

Game seed: 18191381233603236635

485 GenialerGandalf the Chopper (level 7, -1/60 HPs)
             Began as a Hill Orc Fighter on Feb 12, 2022.
             Slain by an ogre (24 damage)
             ... on level 5 of the Dungeon.
             The game lasted 00:10:42 (3275 turns).

GenialerGandalf the Chopper (Hill Orc Fighter)      Turns: 3275, Time: 00:10:43

Health: -1/60      AC: 13    Str: 21    XL:     7   Next: 13%
Magic:  7/7        EV:  6    Int:  8    God:
Gold:   204        SH:  4    Dex: 10    Spells: 6/6 levels left

rFire   . . .      SeeInvis .   a - +0 war axe
rCold   . . .      Faith    .   c - +0 buckler
rNeg    . . .      Spirit   .   n - +0 plate armour
rPois   .          Reflect  .   (no helmet)
rElec   .          Harm     .   (no cloak)
rCorr   .          Rampage  .   q - +0 pair of gloves
Will    .....                   (no boots)
Stlth   ..........              (no amulet)
HPRegen 0.20/turn               k - ring of wizardry
MPRegen 0.10/turn               (no ring)

@: no status effects
A: no striking features
a: no special abilities


You were on level 5 of the Dungeon.
You visited 1 branch of the dungeon, and saw 5 of its levels.

You collected 204 gold pieces.

Inventory:

Hand Weapons
 a - a +0 war axe (weapon)
Armour
 b - a +0 scale mail
 c - a +0 buckler (worn)
 n - a +0 plate armour (worn)
 q - a +0 pair of gloves (worn)
Jewellery
 k - a ring of wizardry (left hand)
Wands
 p - a wand of charming (17)
Scrolls
 e - a scroll of immolation {unknown}
 i - a scroll of blinking
 m - a scroll of torment {unknown}
Potions
 d - 3 potions of might
 f - a potion of flight
 g - 3 potions of ambrosia
 h - 3 potions of curing
 j - 2 potions of berserk rage
 l - 2 potions of heal wounds
 o - a potion of invisibility {unknown}


   Skills:
 * Level 4.9 Fighting
 * Level 6.4 Axes
 * Level 5.1 Armour
 * Level 1.4 Dodging
 * Level 4.2 Shields


You had 6 spell levels left.
You didn't know any spells.
Your spell library was empty.

Dungeon Overview and Level Annotations

Branches:
Dungeon (5/15)
 Temple: D:4-7

Altars:
Qazlal
Ru

Shops:
D:2 ?

Annotations:
D:4 2 transporters, Menkaure; glosham's ghost, amateur OpDe


Message History

h - 3 potions of curing (gained 1)
Found a potion of heal wounds.
An ice beast comes into view.
Found a robe.
You block the ice beast's attack.
The ice beast hits you but does no damage.
You hit the ice beast but do no damage. The ice beast barely misses you.
You hit the ice beast.
The ice beast is lightly wounded.
The ice beast closely misses you.
The ice beast hits you but does no damage.
You barely miss the ice beast.
The ice beast is lightly wounded.
The ice beast hits you but does no damage.
You slash the ice beast!
The ice beast is moderately wounded.
The ice beast hits you but does no damage.
You slash the ice beast!
The ice beast is heavily wounded.
The ice beast hits you. The ice beast freezes you!
You closely miss the ice beast.
The ice beast is heavily wounded.
The ice beast hits you but does no damage. x2
You barely miss the ice beast.
The ice beast is heavily wounded.
The ice beast hits you but does no damage.
You hit the ice beast.
The ice beast is severely wounded.
You block the ice beast's attack.
You slash the ice beast!
You kill the ice beast!
Your Armour skill increases to level 5!
You have reached level 7!
An ogre comes into view. It is wielding a +0 giant spiked club.
Found 15 gold pieces and a short sword.
The ogre hits you with a +0 giant spiked club!!
You slash the ogre!
The ogre is heavily wounded.
The ogre hits you with a +0 giant spiked club!!
You die...

#.# .### #.#
###.#.# #
#.###.....#.#
.............
#.#.........#
#.#.......#
#######.#..!....#
#..........@O...#
#.###...........#
#.# #...........#
#.# #...........#
#.#
#.............
#.#
#####....[.....
#.# #........$.
#.# #####....).
#.#


You could see an ogre.

Vanquished Creatures
  An ice beast (D:5)
  A black bear (D:5)
  A scorpion (D:5)
  A jelly (D:5)
  A hound (D:4)
  A centaur skeleton (D:4)
  Natasha (twice) (D:4)
  A hound skeleton (D:3)
  2 gnolls
  An adder (D:3)
  A worm (D:2)
  A dart slug (D:1)
  4 orcs (D:3)
  6 ball pythons
  6 bats
  6 endoplasms
  5 goblins
  6 hobgoblins
  4 jackals (D:1)
  3 kobolds
  5 quokkas
  2 frilled lizards
  6 rats
67 creatures vanquished.

Notes
Turn   | Place    | Note
-------+----------+-------------------------------------------
     0 | D:1      | GenialerGandalf the Hill Orc Fighter began the quest for
                  | the Orb.
     0 | D:1      | Reached XP level 1. HP: 19/19 MP: 1/1
     6 | D:1      | Noticed an electric eel
    52 | D:1      | Reached XP level 2. HP: 23/27 MP: 2/2
   576 | D:1      | Reached XP level 3. HP: 32/33 MP: 3/3
   768 | D:1      | Reached skill level 3 in Axes
  1039 | D:2      | Found a sacrificial altar of Ru.
  1059 | D:2      | Found a faded altar of an unknown god.
  1130 | D:2      | Found Abbeschocza's Magic Scroll Emporium.
  1740 | D:3      | Reached XP level 4. HP: 40/40 MP: 4/4
  2142 | D:3      | Found a stormy altar of Qazlal.
  2209 | D:3      | Reached skill level 4 in Axes
  2457 | D:4      | Noticed an ogre
  2457 | D:4      | Noticed Menkaure
  2644 | D:4      | Noticed glosham's ghost (amateur OpDe)
  2644 | D:4      | Noticed Natasha
  2644 | D:4      | Found a transporter.
  2645 | D:4      | Noticed an ogre
  2647 | D:4      | Identified the +8 dire flail "Worm's Wrath" {freeze, Dex+3}
  2647 | D:4      | Noticed an ogre
  2648 | D:4      | Killed Natasha
  2649 | D:4      | Reached XP level 5. HP: 43/47 MP: 5/5
  2662 | D:4      | Found a transporter.
  2707 | D:4      | Noticed Natasha
  2716 | D:4      | Killed Natasha
  2801 | D:4      | Reached skill level 5 in Axes
  2869 | D:4      | Reached skill level 1 in Dodging
  2912 | D:4      | Noticed an ogre
  2935 | D:5      | Entered Level 5 of the Dungeon
  2935 | D:5      | Noticed a black bear
  2942 | D:5      | Killed a black bear
  2943 | D:5      | Reached XP level 6. HP: 25/53 MP: 6/6
  3201 | D:5      | Reached skill level 6 in Axes
  3242 | D:5      | Noticed an ice beast
  3264 | D:5      | Killed an ice beast
  3265 | D:5      | Reached skill level 5 in Armour
  3265 | D:5      | Reached XP level 7. HP: 44/60 MP: 7/7
  3275 | D:5      | Slain by an ogre

Illustrated notes

Levels and vault maps discovered:
D:1:      arrival_aquarium_a, layout_basic
D:2:      layout_basic, basic_altar, serial_shops, nicolae_shop_behind_doors,
          ebering_ecumenical_altar_abandoned, minmay_tromino_mix6
D:3:      layout_basic, grunt_qazlal_sundering, serial_glass, glass_columns_b,
          glass_columns_c, hex_large, hangedman_decor_push,
          hangedman_feature_mirror, minmay_fractal_squares_gapless_5
D:4:      layout_loops_ring, okawaru_altar_gauntlet_db,
          grunt_dithmenos_smoke_and_mirrors, gammafunk_ghost_smash,
          minmay_misc_feat_rows, minmay_misc_feat_tiny,
          chequers_serial_rivers_micro_c, kennysheep_path_1, minmay_manual_moon,
          uniq_natasha, uniq_menkaure, uniq_crazy_yiuf_cottage
D:5:      layout_basic, minmay_temple_entry_overgrown

Skill      XL: |  1  2  3  4  5  6 |
---------------+-------------------+-----
Fighting       | 4 |  4.9
Axes           | 3 4 5 6 |  6.4
Armour         | 4 5 |  5.1
Dodging        | 1 |  1.4
Shields        | 4 |  4.2

Action                   |  1- 3 |  4- 6 |  7- 9 || total
-------------------------+-------+-------+-------++-------
Melee: War axe           |   120 |    86 |     1 ||   207
  Use: Scroll            |     3 |     3 |       ||     6
Armor: Scale mail        |    53 |       |       ||    53
       Plate armour      |    34 |    64 |       ||    98
Dodge: Dodged            |    62 |    28 |       ||    90
Block: Buckler           |    44 |    21 |       ||    65
